 Dungeon Crawl Stone Soup version 0.17.1-1-g73c8601 (webtiles) character file.

2194 Runnr the Shield-Bearer (level 9, -1/57 HPs)
             Began as a Gargoyle Fighter on Jan 2, 2016.
             Slain by an orc warrior
             ... wielding a +0 flail
              (14 damage)
             ... on level 6 of the Dungeon.
             The game lasted 00:14:11 (5368 turns).

Runnr the Shield-Bearer (Gargoyle Fighter)          Turns: 5368, Time: 00:14:11

Health: -1/57      AC: 13    Str: 24    XL:     9   Next: 34%
Magic:  9/9        EV:  9    Int: 10    God:
Gold:   416        SH: 12    Dex: 16    Spells: 0 memorised, 8 levels left

rFire  . . .     SeeInvis .     D - +0 whip (freeze)
rCold  . . .     Clarity  .     F - +1 robe of the Blind Marksman {Str+5 Dex+4}
rNeg   + . .     SustAt   .     c - +0 shield
rPois  ∞         Gourm    .     k - +0 helmet
rElec  +         Spirit   .     (no cloak)
rCorr  .         Warding  .     l - +0 pair of gloves
rMut   .         Stasis   .     G - +0 pair of boots
MR     .....                    (no amulet)
Stlth  +.........               (no ring)
                                (no ring)

@: not resistant to hostile enchantments, very unstealthy
A: negative energy resistance 1, electricity resistance, unbreathing,
petrification resistance, rot immunity, AC +5
a: no special abilities


You were on level 6 of the Dungeon.
You were not hungry.

You visited 1 branch of the dungeon, and saw 6 of its levels.

You collected 416 gold pieces.

Inventory:

Hand Weapons
 a - a +0 war axe
 D - a +0 whip of freezing (weapon)
Missiles
 h - 17 poisoned needles
 p - 3 needles of slowing
Armour
 c - a +0 shield (worn)
 k - a +0 helmet (worn)
 l - a +0 pair of gloves (worn)
 y - a +2 ring mail of positive energy
 F - the +1 robe of the Blind Marksman (worn) {Str+5 Dex+4}
   (You found it on level 5 of the Dungeon)

   It affects your strength (+5).
   It affects your dexterity (+4).
 G - a +0 pair of boots (worn)
Jewellery
 f - an uncursed ring of ice
 w - an uncursed ring of fire
Wands
 d - a wand of enslavement (4)
Scrolls
 g - 2 scrolls of amnesia {unknown}
 i - 2 scrolls of teleportation {unknown}
 n - 6 scrolls of remove curse {unknown}
 r - 5 scrolls of identify {unknown}
 s - 2 scrolls of recharging {unknown}
 t - 4 scrolls of random uselessness {unknown}
 u - a scroll of fear {unknown}
 v - a scroll of enchant weapon {unknown}
 z - a scroll of blinking {unknown}
Potions
 b - 2 potions of brilliance {unknown}
 j - a potion of cure mutation {unknown}
 q - 2 potions of curing {unknown}
 B - 4 potions of flight {unknown}
 E - a potion of agility {unknown}
Comestibles
 e - 3 bread rations
 m - a meat ration
 o - a beef jerky
 x - 2 royal jellies
 A - 3 fruits
 C - a slice of pizza
 H - 3 chunks of flesh


   Skills:
 + Level 7.3 Fighting
 - Level 4.8(5.1) Axes
 + Level 2.4(4.2) Maces & Flails
 + Level 7.5 Armour
 + Level 7.6 Shields


You had 8 spell levels left.
You didn't know any spells.

Dungeon Overview and Level Annotations

Branches:
Dungeon (6/15)
 Temple: D:4-7

Altars:
Ashenzari
Elyvilon
Okawaru
Sif Muna
Trog
The Shining One

Shops:
D:6 (


Innate Abilities, Weirdness & Mutations

You are resistant to torment.
Your stone body is resilient (AC +5).
You are immune to poison.
You resist negative energy.
You are resistant to electric shocks.
You can survive without breathing.
You are immune to petrification.
You are immune to rotting.


Message History

You block the orc warrior's attack.
There is an open door here.
You barely miss the orc warrior.
The orc warrior is severely wounded.
The orc warrior hits you with a flail.
You hit the orc warrior but do no damage.
The orc warrior is severely wounded.
The orc warrior barely misses you.
You hit the orc warrior but do no damage.
The orc warrior is severely wounded.
The orc warrior hits you with a flail.
* * * LOW HITPOINT WARNING * * *
You closely miss the orc warrior.
The orc warrior is severely wounded.
You block the orc warrior's attack. The orc warrior hits you with a flail.
* * * LOW HITPOINT WARNING * * *
There is a stone staircase leading up here.
The orc warrior hits you with a flail!
You die...

..# #......########## ..#
#......#........### ..#
#.....<'.....)..#.## ..#
#......#........#..## ..#
#......#............## ..#
#......#.............## #
..#
#......#........#.....#####
#......#........#......#...
#......###@#############._.
#........o.......... ..
#................... #
#...................
#...................
#...................
#.....>............#
#.................##
.................##


You could see an orc warrior.

Vanquished Creatures
  Pikel (D:4)
  Prince Ribbit (D:5)
  Eustachio (D:5)
  A slave (D:5)
  An orc warrior (D:5)
  An ogre (D:5)
  A giant frog (D:6)
  4 big kobolds (D:4)
  2 scorpions
  A giant frog zombie (D:5)
  3 hounds
  A centaur skeleton (D:5)
  An orc priest (D:5)
  An iguana (D:4)
  A jelly (D:4)
  A gnoll shaman (D:5)
  4 orc wizards
  Terence (D:3)
  Natasha (thrice) (D:4)
  2 worker ants
  A hound skeleton (D:6)
  6 adders
  11 gnolls
  An ooze (D:1)
  A worm (D:2)
  13 orcs
  18 bats
  11 hobgoblins
  12 jackals
  50 kobolds
  2 quokkas
  3 giant cockroaches
  3 giant geckos
  3 giant newts
  8 goblins
  A quokka zombie (D:5)
  14 rats
  A plant (D:5)
191 creatures vanquished.

Vanquished Creatures (others)
  A slave (D:5)
  An ogre (D:5)
  4 orcs (D:5)
  A quokka (D:5)
7 creatures vanquished.

Grand Total: 198 creatures vanquished

Notes
Turn   | Place    | Note
--------------------------------------------------------------
     0 | D:1      | Runnr the Gargoyle Fighter began the quest for the Orb.
     0 | D:1      | Reached XP level 1. HP: 14/14 MP: 1/1
    66 | D:1      | Reached XP level 2. HP: 19/19 MP: 2/2
   397 | D:1      | Reached XP level 3. HP: 24/24 MP: 3/3
   838 | D:2      | Reached skill level 4 in Fighting
   838 | D:2      | Reached XP level 4. HP: 29/29 MP: 4/4
   873 | D:2      | Found an iron altar of Okawaru.
  1310 | D:3      | Reached XP level 5. HP: 33/33 MP: 5/5
  1775 | D:3      | Noticed Terence
  1787 | D:3      | Killed Terence
  1954 | D:4      | Found a white marble altar of Elyvilon.
  1981 | D:4      | Found a deep blue altar of Sif Muna.
  2068 | D:4      | Reached XP level 6. HP: 37/39 MP: 6/6
  2160 | D:4      | Found a bloodstained altar of Trog.
  2442 | D:4      | Reached skill level 5 in Armour
  2789 | D:4      | Reached skill level 5 in Shields
  2805 | D:4      | Noticed Natasha
  2809 | D:4      | Reached skill level 5 in Fighting
  2809 | D:4      | Reached XP level 7. HP: 39/44 MP: 7/7
  2818 | D:4      | Killed Natasha
  2955 | D:4      | Noticed Natasha
  2958 | D:4      | Killed Natasha
  3237 | D:4      | Noticed Natasha
  3282 | D:4      | Killed Natasha
  3855 | D:5      | Entered Level 5 of the Dungeon
  3880 | D:5      | Reached XP level 8. HP: 37/51 MP: 8/8
  3983 | D:5      | Reached skill level 6 in Armour
  4002 | D:5      | Found a glowing golden altar of the Shining One.
  4117 | D:5      | Noticed Pikel
  4172 | D:4      | Killed Pikel
  4226 | D:5      | Noticed Eustachio
  4226 | D:5      | Noticed Prince Ribbit
  4279 | D:5      | Killed Prince Ribbit
  4279 | D:5      | Reached skill level 1 in Maces & Flails
  4279 | D:5      | Reached skill level 7 in Armour
  4284 | D:5      | Reached XP level 9. HP: 36/56 MP: 9/9
  4292 | D:5      | Killed Eustachio
  5000 | D:5      | Found a glowing golden altar of the Shining One.
  5032 | D:5      | Got a heavily jewelled robe
  5043 | D:5      | Identified the +1 robe of the Blind Marksman {Str+5 Dex+4} (You found it on level 5 of the Dungeon)
  5160 | D:6      | Found a shattered altar of Ashenzari.
  5225 | D:6      | Found Giyn's Weapon Boutique.
  5368 | D:6      | Slain by an orc warrior

Action                   |  1- 3 |  4- 6 |  7- 9 || total
-------------------------+-------+-------+-------++-------
Melee: War axe           |   126 |   235 |   201 ||   562
       Whip              |       |       |   172 ||   172
  Use: Potion            |       |       |     1 ||     1
  Eat: Chunk             |       |     7 |     9 ||    16
